 Dungeon Crawl Stone Soup version 0.19-a0-1932-g59670f6 (webtiles) character file.

2824 KristoblXynda the Covert (level 9, -5/37 HPs)
             Began as a Felid Monk on Oct 25, 2016.
             Was a Priest of Uskayaw.
             Slain by an orc warrior
             ... wielding a +0 flail
              (22 damage)
             ... on level 10 of the Dungeon.
             The game lasted 00:18:43 (7884 turns).

KristoblXynda the Covert (Felid Monk)               Turns: 7884, Time: 00:18:44

Health: -5/37      AC:  6    Str:  8    XL:     9   Next: 45%
Magic:  25/25      EV: 25    Int: 18    God:    Uskayaw [***...]
Gold:   277        SH:  0    Dex: 20    Spells: 0 memorised, 8 levels left
                                        Lives:  0   Deaths: 3

rFire  . . .     SeeInvis +       - Unarmed
rCold  . . .     Gourm    .     (armour unavailable)
rNeg   . . .     Faith    +     (shield unavailable)
rPois  +         Spirit   .     (helmet unavailable)
rElec  .         Reflect  .     (cloak unavailable)
rCorr  .         Harm     .     (gloves unavailable)
MR     +....                    (boots unavailable)
Stlth  +++++.....               z - amulet of the Shining Light {Faith Int+3}
                                (no ring)
                                o - ring of magical power

@: quick
A: no armour, no weapons or thrown items, stealth, claws 1, fangs 3, horns 1,
iridescent scales 2, see invisible, carnivore 3, clever 1, speed 1, high mp 1,
poison resistance, screaming 1, shaggy fur 2, slow metabolism 1, no device heal
1, sharp paws
a: Stomp, Line Pass, Renounce Religion


You were on level 10 of the Dungeon.
You worshipped Uskayaw.
Uskayaw was noncommittal.
You were not hungry.

You visited 2 branches of the dungeon, and saw 11 of its levels.

You collected 422 gold pieces.
You spent 145 gold pieces at shops.

Inventory:

Jewellery
 o - a ring of magical power (left paw)
 z - the amulet of the Shining Light (around neck) {Faith Int+3}
   (You bought it in a shop on level 10 of the Dungeon)

   [amulet of faith]

   It allows you to gain divine favour quickly.
   It affects your intelligence (+3).
Wands
 d - a wand of digging (7/24)
 h - a wand of flame (5/48)
 l - a wand of polymorph (7/24)
 m - a wand of iceblast (2/15)
 s - a wand of confusion (15/48)
 u - a wand of random effects (24/48)
Scrolls
 c - a scroll of fear
 e - 2 scrolls of immolation
 f - 2 scrolls of magic mapping
 n - 4 scrolls of remove curse
 w - a scroll of amnesia
 y - 3 scrolls of teleportation
Potions
 b - a potion of resistance
 g - a potion of magic
 j - 2 potions of brilliance
 q - a potion of might
Books
 p - a book of Summonings

   Spells                             Type                      Level
   a - Recall                         Summoning/Translocation      3
   b - Aura of Abjuration             Summoning                    5
   c - Summon Demon                   Summoning                    5
   d - Summon Forest                  Summoning/Translocation      5
   e - Summon Mana Viper              Hexes/Summoning              5
   f - Shadow Creatures               Summoning                    6
 x - a book of Minor Magic

   Spells                             Type                      Level
   a - Magic Dart                     Conjuration                  1
   b - Blink                          Translocation                2
   c - Call Imp                       Summoning                    2
   d - Repel Missiles                 Charms/Air                   2
   e - Slow                           Hexes                        2
   f - Conjure Flame                  Conjuration/Fire             3
   g - Mephitic Cloud                 Conjuration/Poison/Air       3
Comestibles
 a - 5 meat rations
 i - a slice of pizza
 k - 2 beef jerkies
 v - a royal jelly


   Skills:
 - Level 3.0 Fighting
 - Level 8.4 Dodging
 - Level 10.6 Stealth
 + Level 10.0 Unarmed Combat
 + Level 7.3 Invocations
 + Level 6.2 Evocations


You had 8 spell levels left.
You didn't know any spells.

Dungeon Overview and Level Annotations

Branches:
Dungeon (10/15)            Temple (1/1) D:6
   Lair: D:8-11         Orc: D:9-12

Altars:
Ashenzari
Cheibriados
Dithmenos
Fedhas
Gozag
Kikubaaqudgha
Okawaru
Qazlal
Ru
Sif Muna
Trog
Uskayaw
Xom
Zin
The Shining One

Shops:
D:4 **   D:7 *   D:10 *

Annotations:
D:4 Grinder
D:10 exclusion: orange crystal statue


Innate Abilities, Weirdness & Mutations

You cannot wear armour.
You are incapable of wielding weapons or throwing items.
Your paws allow you to move quietly. (Stealth)
You have sharp claws.
You have razor-sharp teeth.
You have supernaturally acute eyesight. (SInv)
You are carnivorous and can eat meat at any time.
You cover ground quickly.
You are covered in thick fur. (AC +2)
You have a slow metabolism.
Your sharp claws are effective at attacking unaware monsters.
You have a pair of small horns on your head.
You are mostly covered in iridescent scales. (AC +4)
Your mind is acute. (Int +2)
You have an increased reservoir of magic. (+10% MP)
Your system is resistant to poisons. (rPois)
You occasionally shout uncontrollably at your foes.
Potions and wands are less effective at restoring your health.


Message History

You closely miss the sky beast. You headbutt the sky beast.
The sky beast is heavily wounded.
The sky beast completely misses you.
You barely miss the sky beast.
The sky beast is heavily wounded.
The sky beast completely misses you.
You scratch the sky beast.
The sky beast is heavily wounded.
The sky beast completely misses you.
You scratch the sky beast. Your bite misses the sky beast.
The sky beast is heavily wounded.
Uskayaw will force your foes to helplessly watch your dance.
Uskayaw prepares the audience for your solo!
You pounce on the unaware helpless sky beast!
You eviscerate the sky beast!!!!
You kill the sky beast!
The orc warrior is no longer paralysed.
The orc warrior barely misses you.
You barely miss the orc warrior. The orc warrior hits you with a flail!!
Ouch! That really hurt!
You die...

#.# #.# # #.# #.# #.# #.#
#.# #)# #.# #)# #.# #.# #.#
#.# # #†# .#
#####.##########@######.###
................o..........
######.....................
# #..................... #
#.....[.............(. #
#.....................
######.............).......
...................).......
######.....................


You could see an orc warrior.

Vanquished Creatures
  Erica (D:9)
  Pikel (D:6)
  2 hippogriffs
  Grum (D:8)
  6 yaks (D:9)
  A hungry ghost (D:9)
  3 orc warriors
  A phantom (D:8)
  2 sky beasts
  2 slaves (D:6)
  2 ice beasts
  6 ogres
  4 wolves (D:8)
  4 centaurs
  3 bullfrogs (D:9)
  2 scorpions (D:8)
  A water moccasin skeleton (D:8)
  10 killer bees
  3 wights (D:10)
  A centaur zombie (D:8)
  2 quasits
  3 bullfrog zombies
  A hound (D:7)
  Crazy Yiuf (D:4)
  3 orc priests
  2 centaur skeletons
  A bullfrog skeleton (D:8)
  4 iguanas
  6 orc wizards
  3 worker ants
  2 killer bee zombies
  A hound zombie (D:8)
  3 gnolls (D:5)
  10 adders
  A shadow imp (D:7)
  An ooze (D:5)
  An adder zombie (D:5)
  2 worms
  4 dart slugs
  3 leopard geckos
  24 orcs
  6 bats
  4 giant cockroaches
  7 goblins
  6 hobgoblins
  11 jackals
  12 kobolds
  A ball python (D:1)
  5 frilled lizards
  A leopard gecko skeleton (D:6)
  11 rats
198 creatures vanquished.

Vanquished Creatures (others)
  A centaur (D:6)
1 creature vanquished.

Grand Total: 199 creatures vanquished

Notes
Turn   | Place    | Note
-------+----------+-------------------------------------------
     0 | D:1      | KristoblXynda the Felid Monk began the quest for the Orb.
     0 | D:1      | Reached XP level 1. HP: 10/10 MP: 2/2
   211 | D:1      | Reached XP level 2. HP: 13/14 MP: 3/3
   954 | D:2      | Reached XP level 3. HP: 13/17 MP: 4/4
  1420 | D:2      | Gained mutation: You are partially covered in iridescent scales. (AC +2) [potion of mutation]
  1420 | D:2      | Gained mutation: Potions and wands are less effective at restoring your health. [potion of mutation]
  1420 | D:2      | Gained mutation: You have a pair of small horns on your head. [potion of mutation]
  1424 | D:2      | Reached skill level 5 in Dodging
  1694 | D:2      | Reached XP level 4. HP: 14/21 MP: 5/5
  2733 | D:4      | Noticed Grinder
  2742 | D:4      | Reached XP level 5. HP: 24/24 MP: 6/6
  2753 | D:4      | Found Orreroin's Elemental Accessories.
  2966 | D:4      | Reached skill level 5 in Stealth
  3017 | D:4      | Gained mutation: You are covered in thick fur. (AC +2) [Felid growth]
  3017 | D:4      | Reached XP level 6. HP: 17/28 MP: 7/7
  3266 | D:4      | Slain by an ogre
  3267 | D:4      | Reached XP level 5. HP: -5/24 MP: 6/6
  3284 | D:4      | Killed an ogre
  3284 | D:4      | Reached skill level 5 in Unarmed Combat
  3345 | D:4      | Noticed an ogre
  3354 | D:4      | Killed an ogre
  3354 | D:4      | Reached XP level 6. HP: 28/28 MP: 7/7
  3366 | D:4      | Found Jufonimy's General Store.
  3375 | D:4      | Bought a potion of mutation for 35 gold pieces
  3377 | D:4      | Gained mutation: Your mind is acute. (Int +2) [potion of mutation]
  3377 | D:4      | Lost mutation: Your mind is acute. (Int +2) [potion of mutation]
  3377 | D:4      | Gained mutation: You are mostly covered in iridescent scales. (AC +4) [potion of mutation]
  3380 | D:4      | Gained mutation: Your system is resistant to poisons. (rPois) [potion of beneficial mutation]
  3433 | D:4      | Found a runed door.
  3594 | D:4      | Noticed Crazy Yiuf
  3602 | D:4      | Killed Crazy Yiuf
  3648 | D:5      | Entered Level 5 of the Dungeon
  4352 | D:5      | Found a sacrificial altar of Ru.
  4368 | D:5      | Found a bloodstained altar of Trog.
  4381 | D:5      | Found a blossoming altar of Fedhas.
  4558 | D:5      | Reached XP level 7. HP: 31/31 MP: 8/8
  4823 | D:6      | Found a staircase to the Ecumenical Temple.
  4896 | Temple   | Entered the Ecumenical Temple
  4904 | Temple   | Became a worshipper of Uskayaw the Reveler
  4904 | Temple   | Reached * piety under Uskayaw
  4949 | D:6      | Noticed Pikel
  4968 | D:6      | Reached ** piety under Uskayaw
  4981 | D:6      | Reached *** piety under Uskayaw
  4982 | D:6      | Killed Pikel
  4982 | D:6      | Reached XP level 8. HP: 26/34 MP: 9/9
  5358 | D:7      | Found a shimmering altar of Xom.
  5405 | D:7      | Reached **** piety under Uskayaw
  5406 | D:7      | Reached skill level 1 in Invocations
  5762 | D:7      | Found an ancient bone altar of Kikubaaqudgha.
  5772 | D:7      | Noticed a manticore
  5821 | D:7      | Found Riroru's General Store.
  5980 | D:7      | Found a shimmering altar of Xom.
  6113 | D:7      | HP: 1/34 [manticore (6)]
  6115 | D:7      | Mangled by a manticore
  6116 | D:7      | Reached XP level 7. HP: -6/31 MP: 19/19
  6182 | D:8      | Reached skill level 10 in Stealth
  6182 | D:8      | Reached XP level 8. HP: 34/34 MP: 11/11
  6215 | D:8      | Gained mutation: Your mind is acute. (Int +2) [mutagenic meat]
  6217 | D:8      | Gained mutation: You have an increased reservoir of magic. (+10% MP) [mutagenic meat]
  6218 | D:8      | Gained mutation: You occasionally shout uncontrollably at your foes. [mutagenic meat]
  6240 | D:8      | Noticed a hippogriff
  6261 | D:8      | Reached ***** piety under Uskayaw
  6268 | D:8      | Killed a hippogriff
  6362 | D:8      | Noticed Grum
  6377 | D:8      | Reached skill level 1 in Evocations
  6379 | D:8      | Killed Grum
  6382 | D:8      | Reached skill level 5 in Invocations
  6382 | D:8      | Reached XP level 9. HP: 9/37 MP: 15/15
  6463 | D:8      | Found a snail-covered altar of Cheibriados.
  6928 | D:9      | Noticed Erica
  6945 | D:9      | Killed Erica
  7056 | D:9      | Reached skill level 5 in Evocations
  7056 | D:9      | Reached XP level 10. HP: 21/42 MP: 17/17
  7360 | D:9      | Found a shimmering altar of Xom.
  7533 | D:9      | Found a glowing golden altar of the Shining One.
  7565 | D:10     | Entered Level 10 of the Dungeon
  7593 | D:10     | Found Wiet's Antique Artefacts.
  7598 | D:10     | Bought a coiled emerald amulet for 110 gold pieces
  7604 | D:10     | Identified the amulet of the Shining Light {Faith Int+3} (You bought it in a shop on level 10 of the Dungeon)
  7686 | D:10     | Noticed an orange crystal statue
  7786 | D:10     | Slain by an orc
  7787 | D:10     | Reached XP level 9. HP: -3/37 MP: 25/25
  7808 | D:10     | Reached skill level 10 in Unarmed Combat
  7884 | D:10     | Slain by an orc warrior

Vault maps used:
D:1:      minmay_arrival_solitary_statue, kennysheep_doodads
D:2:      grunt_ministairs_3, hex_large
D:4:      serial_shops, shop, nicolae_elemental_shop, uniq_crazy_yiuf_cottage,
          uniq_grinder
D:5:      nicolae_overflow_hidden_temple, kennysheep_little_box, first_bread
D:6:      uniq_pikel
D:7:      kiku_gazebo_garden_becter, nicolae_overflow_crystal_walls,
          serial_shops, nicolae_shop_waterfront, basic_altar
D:8:      old_standard_altar, uniq_grum
D:9:      tso_oasis_becter, basic_altar, uniq_erica
D:10:     minmay_statue_hallways, nicolae_antique_artefacts
Temple:   eino_temple_lava

Skill      XL: |  1  2  3  4  5  6  7  8  9 10 |
---------------+-------------------------------+-----
Stealth        | 3 4 6 10 9 | 10.6
Dodging        | 5 6 7 8 |  8.4
Unarmed Combat | 4 5 6 8 10 | 10.0
Invocations    | 5 6 7 |  7.3
Evocations     | 2 5 6 |  6.2
Fighting       | |  3.0

Action                   |  1- 3 |  4- 6 |  7- 9 | 10-12 || total
-------------------------+-------+-------+-------+-------++-------
Melee: Unarmed           |   115 |   177 |   337 |    61 ||   690
       Bite              |     7 |    17 |    24 |     6 ||    54
       Punch             |     1 |     2 |     8 |       ||    11
       Headbutt          |     3 |    30 |    55 |    11 ||    99
Evoke: Wand              |       |       |     4 |       ||     4
  Use: Potion            |     2 |     2 |     3 |       ||     7
       Scroll            |       |    13 |     8 |     1 ||    22
 Stab: Sleeping          |     9 |    11 |    14 |     3 ||    37
       Paralysed         |       |       |    12 |     3 ||    15
       Distracted        |       |       |     3 |       ||     3
  Eat: Chunk             |     7 |    11 |    13 |    10 ||    41
Armor: Skin              |     6 |    13 |    23 |     7 ||    49
Dodge: Dodged            |   117 |   188 |   349 |    53 ||   707
